Map: [ESL] Dragon Scales

Players

Spatz

  • Race: Protoss Protoss
  • Spawn Location: 11:00

Gerald - Winner!

  • Race: Protoss Protoss
  • Spawn Location: 5:00

Event: ESL SC2 Masters 2023 Summer (Regionals)

VOD

Have the link to the VOD?

Description

Time

  • Played on: May 7, 2023, 9:45 a.m.
  • Length: 12:02

All games in this series

Show
View Real Time Build Order
Export as new Build Order

Spatz Protoss 

Build Orders: Blink Stalkers 

Get SALT Encoding   

  12  0:00  Probe  
  13  0:12  Probe  
  14  0:17  Pylon  
  14  0:24  Probe (Chrono Boost)  
  16  0:36  Probe (Chrono Boost)  
  16  0:37  Gateway  
  16  0:43  Probe (Chrono Boost)  
  16  0:45  Assimilator  
  17  0:51  Probe  
  17  0:54  Assimilator  
  18  1:03  Probe (Chrono Boost)  
  19  1:06  Gateway  
  19  1:12  Probe (Chrono Boost)  
  19  1:17  Probe (Chrono Boost)  
  20  1:24  Cybernetics Core  
  21  1:30  Probe  
  22  1:35  Pylon  
  22  1:42  Probe  
  23  1:54  Probe  
  23  2:00  Adept x2  
  28  2:06  Stargate  
  28  2:11  Probe  
  28  2:13  Warp Gate  
  29  2:19  Pylon  
  31  2:37  Adept x2  
  33  2:50  Pylon  
  33  2:55  Shield Battery  
  36  3:05  Pylon  
  36  3:09  Twilight Council  
  33  3:15  Pylon  
  32  3:33  Nexus  
  32  3:40  Probe  
  33  3:48  Blink (Chrono Boost)  
  33  3:52  Probe  
  32  4:02  Stalker, Sentry  
  36  4:04  Probe  
  35  4:14  Gateway  
  35  4:17  Gateway  
  35  4:24  Probe  
  35  4:30  Stalker  
  38  4:33  Stalker  
  40  4:46  Pylon  
  38  4:57  Stalker x2  
  40  5:14  Stalker x2  
  40  5:20  Stalker x2  
  44  5:47  Stalker x4  
  48  5:52  Probe  
  48  5:53  Probe  
  50  6:04  Probe  
  47  6:17  Stalker x4  
  55  6:26  Probe  
  55  6:31  Assimilator  
  55  6:32  Probe  
  57  6:37  Robotics Facility  
  57  6:38  Probe  
  58  6:51  Stalker x2  
  62  7:00  Probe  
  62  7:01  Adept x2  
  59  7:03  Probe (Chrono Boost)  
  58  7:12  Probe (Chrono Boost)  
  58  7:15  Probe (Chrono Boost)  
  58  7:22  Probe (Chrono Boost)  
  59  7:23  Probe (Chrono Boost), Pylon  
  59  7:24  Immortal (Chrono Boost)  
  59  7:27  Probe (Chrono Boost)  
  59  7:29  Probe  
  66  7:39  Pylon  
  64  7:45  Charge  
  62  7:54  Assimilator  
  62  7:56  Dark Shrine, Pylon  
  62  8:01  Immortal (Chrono Boost)  
  66  8:05  Pylon  
  66  8:09  Pylon  
  66  8:20  Gateway  
  66  8:21  Gateway  
  66  8:29  Observer (Chrono Boost)  
  66  8:30  Sentry  
  69  8:41  Nexus  
  69  8:42  Probe  
  71  8:54  Warp Prism (Chrono Boost)  
  72  9:03  Pylon  
  72  9:13  Pylon  
  72  9:14  Probe  
  74  9:21  Dark Templar x2  
  78  9:24  Probe  
  78  9:27  Nexus  
  78  9:28  Probe  
  77  9:36  Probe  
  78  9:39  Pylon  
  78  9:40  Probe  
  78  9:45  Dark Templar x2  
  83  9:48  Probe (Chrono Boost)  
  83  9:49  Stalker  
  86  9:55  Probe (Chrono Boost)  
  88  10:00  Probe x2 (Chrono Boost)  
  88  10:03  Pylon  
  89  10:07  Stalker  
  89  10:10  Probe (Chrono Boost)  
  89  10:12  Probe (Chrono Boost)  
  93  10:15  Probe  
  94  10:23  Probe  
  94  10:27  Probe  
  96  10:30  Probe  
  96  10:35  Probe  
  98  10:37  Stalker x4  
  98  10:41  Probe x2  
  104  10:46  Forge  
  103  10:51  Gateway  
  103  10:52  Probe  
  103  10:54  Gateway  
  104  11:00  Archon  
  104  11:02  Stalker x3  
  104  11:03  Sentry  
  112  11:05  Probe x2  
  112  11:08  Probe x2  
  116  11:17  Probe  
  113  11:31  Stalker x6  
  102  11:41  Shield Battery  
  102  11:45  Probe, Shield Battery  
  102  11:47  Observer (Chrono Boost)  
  100  11:54  Stalker x2  
  94  11:55  Zealot x6  
Show
View Real Time Build Order
Export as new Build Order

Gerald Protoss - Winner!

Build Orders:  

Get SALT Encoding   

  12  0:00  Probe  
  13  0:12  Probe  
  14  0:17  Pylon  
  14  0:24  Probe (Chrono Boost)  
  16  0:37  Probe (Chrono Boost), Gateway  
  16  0:42  Probe (Chrono Boost)  
  16  0:46  Assimilator  
  17  0:51  Probe  
  17  0:55  Assimilator  
  18  1:03  Probe (Chrono Boost)  
  19  1:08  Gateway  
  19  1:15  Probe (Chrono Boost)  
  20  1:20  Probe (Chrono Boost)  
  20  1:25  Cybernetics Core  
  21  1:30  Probe  
  22  1:36  Pylon  
  22  1:42  Probe  
  23  1:54  Probe  
  24  2:01  Stalker x2  
  24  2:03  Warp Gate  
  24  2:06  Probe  
  29  2:13  Pylon  
  29  2:18  Probe  
  30  2:31  Adept  
  30  2:34  Probe  
  33  2:37  Shield Battery  
  32  2:44  Adept  
  35  2:56  Gateway  
  35  2:57  Pylon  
  34  3:00  Pylon  
  34  3:04  Probe  
  33  3:17  Probe  
  34  3:29  Probe  
  34  3:34  Nexus  
  35  3:41  Probe  
  36  3:42  Shield Battery  
  32  3:52  Twilight Council  
  32  3:53  Probe  
  33  3:58  Shield Battery  
  33  4:03  Stalker x2  
  33  4:08  Probe  
  38  4:15  Pylon  
  38  4:20  Probe  
  39  4:27  Blink (Chrono Boost), Robotics Facility  
  39  4:33  Probe (Chrono Boost), Shield Battery  
  40  4:45  Probe (Chrono Boost)  
  41  4:47  Stalker  
  41  4:51  Probe (Chrono Boost)  
  42  4:55  Probe (Chrono Boost)  
  42  5:00  Stalker  
  42  5:01  Probe (Chrono Boost)  
  46  5:12  Probe x2 (Chrono Boost), Sentry  
  50  5:14  Observer (Chrono Boost)  
  50  5:17  Probe (Chrono Boost)  
  50  5:18  Probe (Chrono Boost)  
  52  5:27  Stalker x2  
  52  5:28  Probe  
  57  5:34  Observer (Chrono Boost)  
  58  5:41  Stalker  
  54  5:48  Immortal  
  56  5:52  Stalker  
  56  5:54  Probe x2  
  56  5:56  Assimilator  
  60  6:00  Pylon  
  60  6:01  Stalker  
  56  6:18  Stalker x2  
  56  6:20  Probe x2  
  56  6:30  Stalker  
  56  6:32  Probe  
  59  6:36  Immortal  
  63  6:43  Stalker  
  63  6:50  Stalker  
  64  6:54  Shield Battery  
  64  6:55  Probe  
  63  7:04  Probe, Stalker  
  63  7:08  Probe  
  67  7:16  Probe  
  67  7:18  Stalker  
  67  7:21  Pylon  
  70  7:24  Assimilator  
  70  7:25  Shield Battery  
  70  7:33  Forge  
  70  7:35  Gateway  
  70  7:36  Pylon  
  70  7:39  Probe x2  
  72  7:51  Stalker x2  
  72  7:53  Nexus  
  72  7:54  Probe, Pylon  
  72  7:56  Probe  
  78  8:05  Protoss Ground Weapons Level 1 (Chrono Boost)  
  78  8:06  Probe, Pylon  
  78  8:08  Probe  
  80  8:14  Robotics Bay  
  80  8:15  Shield Battery  
  80  8:16  Observer  
  80  8:19  Stalker  
  82  8:25  Probe, Observer  
  84  8:29  Gateway  
  84  8:30  Sentry  
  84  8:31  Sentry  
  88  8:41  Stalker  
  88  8:47  Stalker  
  92  8:49  Observer  
  92  8:52  Probe  
  92  8:54  Gateway  
  93  9:00  Disruptor (Chrono Boost)  
  92  9:06  Probe  
  93  9:10  Probe  
  93  9:12  Probe  
  93  9:16  Gateway  
  95  9:17  Photon Cannon  
  95  9:19  Pylon  
  95  9:20  Assimilator  
  95  9:22  Stalker x2  
  99  9:28  Probe  
  99  9:29  Pylon  
  100  9:36  Disruptor (Chrono Boost)  
  100  9:37  Photon Cannon  
  100  9:45  Probe, Assimilator  
  104  9:47  Probe  
  104  9:51  Dark Shrine  
  104  9:52  Pylon  
  105  9:55  Stalker  
  105  9:59  Pylon  
  107  10:00  Observer  
  107  10:04  Disruptor  
  110  10:09  Probe  
  110  10:12  Probe  
  112  10:14  Stalker x2  
  112  10:18  Stalker  
  118  10:23  Observer, Stalker x2  
  122  10:33  Stalker x2  
  126  10:40  Probe  
  126  10:42  Robotics Bay  
  127  10:46  Probe  
  127  10:47  Photon Cannon  
  127  10:49  Shield Battery  
  128  10:52  Stalker x2  
  128  10:56  Pylon  
  132  10:57  Pylon  
  132  11:08  Dark Templar x3  
  132  11:11  Dark Templar  
  135  11:36  Stalker x2  
  135  11:37  Stalker  
  135  11:39  Probe  
  141  11:41  Probe  
  141  11:46  Probe  
  143  11:52  Gateway  
  143  11:53  Gateway  
  144  11:59  Stalker x4  
Tags
 
Add a new tag
Caveats
  • Supply blocks, unpowered buildings, or Contaminate may cause inaccurate times.
  • Supply counts are checked every 10 seconds.